 Dungeon Crawl Stone Soup version 0.21.0-25-ge575cb9 (webtiles) character file.

3155 Moloch the Destroyer (level 9, -5/51 HPs)
             Began as an Octopode Wizard on Jan 23, 2018.
             Was a Believer of Vehumet.
             Slain by Erica
             ... wielding a +1 scimitar of flaming
              (13 damage)
             ... on level 8 of the Dungeon.
             The game lasted 00:25:07 (8877 turns).

Moloch the Destroyer (Octopode Wizard)              Turns: 8877, Time: 00:25:07

Health: -5/51      AC:  1    Str:  6    XL:     9   Next: 93%
Magic:  1/20       EV: 13    Int: 24    God:    Vehumet [**....]
Gold:   40         SH:  0    Dex: 10    Spells: 3/23 levels left

rFire    . . .     SeeInvis .   D - +2 trident (venom)
rCold    . . .     Gourm    .   (no shield)
rNeg     . . .     Faith    .   a - +0 hat
rPois    .         Spirit   .   (no amulet)
rElec    .         Reflect  .   f - ring of resist corrosion
rCorr    +         Harm     .   (no ring)
MR       .....                  (no ring)
Stlth    +++.......             (no ring)
HPRegen  0.17/turn              (no ring)
MPRegen  0.17/turn              (no ring)
                                (no ring)
                                (no ring)

@: slowed, very slow
A: almost no armour, stealthy swim, amphibious, 8 rings, constrict 8, camouflage
1, gelatinous body 1
a: Renounce Religion


You were on level 8 of the Dungeon.
You worshipped Vehumet.
Vehumet was pleased with you.
You were not hungry.

You visited 1 branch of the dungeon, and saw 8 of its levels.

You collected 365 gold pieces.
You spent 325 gold pieces at shops.

Inventory:

Hand Weapons
 D - a +2 trident of venom (weapon)
Missiles
 p - 24 poisoned needles
 F - 4 needles of frenzy
Armour
 a - a +0 hat (worn)
 d - a +0 buckler
Jewellery
 f - a ring of resist corrosion (left tentacle)
 l - an uncursed ring of fire
 r - an uncursed ring of ice
Wands
 w - a wand of flame (18)
 C - a wand of paralysis (22)
Scrolls
 e - 2 scrolls of enchant armour {unknown}
 g - 3 scrolls of enchant weapon {unknown}
 h - 2 scrolls of fear {unknown}
 i - 10 scrolls of identify {unknown}
 k - 2 scrolls of fog {unknown}
 o - 3 scrolls of remove curse {unknown}
 q - a scroll of amnesia {unknown}
 t - a scroll of noise {unknown}
 v - 2 scrolls of acquirement {unknown}
 y - a scroll of holy word {unknown}
 A - a scroll of magic mapping {unknown}
Potions
 j - 2 potions of flight {unknown}
 m - 3 potions of curing
 n - 5 potions of lignification {unknown}
 s - a potion of brilliance {unknown}
 u - a potion of heal wounds {unknown}
 x - a potion of invisibility {unknown}
 z - a potion of ambrosia {unknown}
 B - a potion of magic {unknown}
 G - a potion of mutation {unknown}
Books
 b - a book of Flames

   Spells                             Type                      Level
   a - Flame Tongue                   Conjuration/Fire             1
   b - Throw Flame                    Conjuration/Fire             2
   c - Conjure Flame                  Conjuration/Fire             3
   d - Inner Flame                    Hexes/Fire                   3
   e - Sticky Flame                   Conjuration/Fire             4
   f - Fireball                       Conjuration/Fire             5
Comestibles
 c - 15 rations
 E - 4 chunks of flesh


   Skills:
 - Level 2.0 Dodging
 - Level 2.6 Stealth
 + Level 7.6 Spellcasting
 + Level 8.1 Conjurations
 - Level 1.0 Summonings
 - Level 1.0 Translocations
 + Level 7.8 Fire Magic


You had 3 spell levels left.
You knew the following spells:

 Your Spells              Type           Power        Failure   Level  Hunger
a - Magic Dart            Conj           ####         1%          1    None
b - Blink                 Tloc           N/A          7%          2    None
c - Call Imp              Summ           ##......     7%          2    None
d - Mephitic Cloud        Conj/Pois/Air  ###.....     7%          3    None
e - Conjure Flame         Conj/Fire      #####...     1%          3    None
f - Force Lance           Conj/Tloc      ####....     11%         4    ###....
g - Sticky Flame          Conj/Fire      #####...     2%          4    ###....
h - Flame Tongue          Conj/Fire      #####        1%          1    None


Dungeon Overview and Level Annotations

Branches:
Dungeon (8/15)             Temple (0/1) D:5
   Lair: D:8-11

Altars:
Okawaru
Ru
Sif Muna
Vehumet
Xom
Yredelemnul
Zin
The Shining One

Shops:
D:4 *   D:7 =

Annotations:
D:8 Erica


Innate Abilities, Weirdness & Mutations

You cannot wear most types of armour.
You are very stealthy in the water. (Stealth+)
You are amphibious.
You can wear up to eight rings at the same time.
You can use your tentacles to constrict eight enemies at once.
Your skin changes colour to match your surroundings (Stealth+).
Your rubbery body absorbs attacks. (AC +1, EV +1)


Message History

Something hits you!
* * * LOW HITPOINT WARNING * * *
Something burns you.
* * * LOW HITPOINT WARNING * * *
Deactivating autopickup; reactivate with Ctrl-A.
Okay, then.
You hear some strange, mumbled words.
You feel as though you will be slow longer.
You hear some strange, mumbled words.
A bolt of poison appears from out of thin air!
The bolt of poison misses you.
Your magical contamination has completely faded away.
Casting: Mephitic Cloud
Confirm with . or Enter, or press ? or * to list all spells.
Aiming: Sticky Flame
Press: ? - help, Shift-Dir - straight line The sticky flame hits something.
Erica is covered in liquid flames!
Erica burns! x2
Erica hits you with a scimitar of flaming!
You die...

##..##.##.#
#.....%...#
#.#.##.####
#.#..#.#
#.##.#.#
#.##.#.#
....
#.##...#
....
#.###..#
....
#@###..#
....
#.@...>#
!...
########
.... ....
.... ....
.... ##..
###


You could see Erica (burning).

Vanquished Creatures
  Pikel (D:5)
  Psyche (D:8)
  Sigmund (D:4)
  Menkaure (D:6)
  Edmund (D:6)
  An orc warrior (D:7)
  2 sky beasts
  A slave (D:5)
  A black bear (D:8)
  3 ogres
  A phantom (D:6)
  3 centaurs
  A gnoll sergeant (D:7)
  3 bullfrogs
  2 scorpions
  A howler monkey (D:8)
  A wight (D:7)
  2 crimson imps
  A hound (D:6)
  A bullfrog skeleton (D:4)
  Terence (D:3)
  2 iguanas
  3 orc wizards
  2 worker ants (D:7)
  2 hound skeletons
  8 gnolls
  5 adders
  4 shadow imps
  A white imp (D:5)
  An adder skeleton (D:8)
  3 worms
  A dart slug (D:3)
  2 leopard geckos
  17 orcs
  A ball python (D:4)
  3 bats (D:1)
  7 giant cockroaches
  11 hobgoblins
  10 jackals
  9 kobolds
  A quokka (D:8)
  9 frilled lizards
  9 goblins
  A goblin skeleton (D:5)
  3 hobgoblin zombies (D:5)
  A kobold skeleton (D:5)
  A kobold zombie (D:5)
  A leopard gecko skeleton (D:4)
  An orc skeleton (D:5)
  3 orc zombies (D:5)
  A quokka skeleton (D:5)
  8 rats
  A spectral orc (D:7)
162 creatures vanquished.

Vanquished Creatures (collateral kills)
  An ogre (D:7)
  The ghost of nikopol the Shield-Bearer, an amateur GrFi (D:3)
  A crimson imp (D:5)
  2 adders
  A worm (D:2)
6 creatures vanquished.

Grand Total: 168 creatures vanquished

Notes
Turn   | Place    | Note
-------+----------+-------------------------------------------
     0 | D:1      | Moloch the Octopode Wizard began the quest for the Orb.
     0 | D:1      | Reached XP level 1. HP: 11/11 MP: 4/4
   758 | D:1      | Reached XP level 2. HP: 13/17 MP: 0/6
   817 | D:1      | Learned a level 2 spell: Blink
   820 | D:1      | Learned a level 2 spell: Call Imp
  1207 | D:1      | Reached XP level 3. HP: 21/21 MP: 1/8
  1328 | D:1      | Found a glowing golden altar of the Shining One.
  1330 | D:1      | Found a shimmering altar of Xom.
  1330 | D:1      | Found a shimmering altar of Xom.
  1332 | D:1      | Found an ornate altar of the Wu Jian Council.
  1332 | D:1      | Found a radiant altar of Vehumet.
  1332 | D:1      | Found a blossoming altar of Fedhas.
  2195 | D:2      | Reached skill level 2 in Conjurations
  2195 | D:2      | Reached XP level 4. HP: 22/27 MP: 2/10
  2397 | D:2      | Learned a level 3 spell: Mephitic Cloud
  2401 | D:2      | Learned a level 3 spell: Conjure Flame
  2418 | D:2      | Found an iron altar of Okawaru.
  2895 | D:3      | Noticed nikopol's ghost (amateur GrFi)
  3081 | D:2      | Reached skill level 3 in Conjurations
  3081 | D:2      | Reached XP level 5. HP: 30/31 MP: 3/11
  3168 | D:3      | Killed nikopol's ghost
  3839 | D:3      | Found a sacrificial altar of Ru.
  3932 | D:3      | Reached XP level 6. HP: 36/36 MP: 10/13
  3975 | D:3      | Found an iron altar of Okawaru.
  3975 | D:3      | Noticed Terence
  3991 | D:3      | Killed Terence
  3991 | D:3      | Reached skill level 4 in Conjurations
  4046 | D:3      | Reached skill level 5 in Spellcasting
  4660 | D:4      | Found a radiant altar of Vehumet.
  4668 | D:4      | Became a worshipper of Vehumet
  4956 | D:4      | Found Yplicitt's Assorted Antiques.
  5102 | D:4      | Noticed Sigmund
  5166 | D:4      | Killed Sigmund
  5166 | D:4      | Reached skill level 5 in Conjurations
  5166 | D:4      | Reached skill level 1 in Fire Magic
  5166 | D:4      | Reached XP level 7. HP: 39/41 MP: 4/15
  5472 | D:4      | Found a deep blue altar of Sif Muna.
  5594 | D:5      | Entered Level 5 of the Dungeon
  5622 | D:5      | Found a staircase to the Ecumenical Temple.
  5948 | D:5      | Reached * piety under Vehumet
  5948 | D:5      | Offered knowledge of Sting by Vehumet.
  6167 | D:5      | Found a glowing golden altar of the Shining One.
  6232 | D:5      | Identified the Incunabulum of Hexes
  6244 | D:5      | Learned a level 4 spell: Force Lance
  6285 | D:5      | Noticed Pikel
  6296 | D:5      | Killed Pikel
  6296 | D:5      | Reached skill level 6 in Conjurations
  6296 | D:5      | Reached XP level 8. HP: 39/46 MP: 7/17
  6418 | D:5      | Reached skill level 7 in Conjurations
  6656 | D:6      | Noticed Menkaure
  6663 | D:6      | Learned a level 4 spell: Sticky Flame
  6686 | D:6      | Learned a level 1 spell: Flame Tongue
  6771 | D:6      | Noticed Edmund
  6782 | D:6      | Killed Menkaure
  6809 | D:6      | Killed Edmund
  6809 | D:6      | Reached skill level 5 in Fire Magic
  6809 | D:6      | Reached XP level 9. HP: 43/51 MP: 6/19
  7809 | D:7      | Reached ** piety under Vehumet
  7809 | D:7      | Offered knowledge of Throw Frost by Vehumet.
  7828 | D:7      | Found Cidiadot's Jewellery Boutique.
  7904 | D:7      | Bought an uncursed ring of fire for 325 gold pieces
  8004 | D:7      | Found a glowing silver altar of Zin.
  8004 | D:7      | Noticed an angel
  8360 | D:7      | Found a basalt altar of Yredelemnul.
  8823 | D:8      | Noticed Psyche
  8834 | D:8      | Killed Psyche
  8834 | D:8      | Reached skill level 8 in Conjurations
  8861 | D:8      | Noticed Erica
  8877 | D:8      | Slain by Erica

Skill      XL: |  1  2  3  4  5  6  7  8  9 |
---------------+----------------------------+-----
Spellcasting   | 4 5 6 7 |  7.6
Conjurations   | 2 3 5 6 7 8 |  8.1
Fire Magic     | 1 2 5 7 |  7.8
Dodging        | |  2.0
Stealth        | |  2.6
Summonings     | |  1.0
Translocations | |  1.0

Action                   |  1- 3 |  4- 6 |  7- 9 || total
-------------------------+-------+-------+-------++-------
Melee: Unarmed           |    13 |       |       ||    13
       Tentacles         |     5 |     7 |     3 ||    15
       Constrict         |     5 |    10 |    11 ||    26
       Spear             |    11 |    45 |    72 ||   128
       Trident           |       |       |    48 ||    48
 Cast: Magic Dart        |    73 |   123 |    59 ||   255
       Call Imp          |       |     5 |     2 ||     7
       Mephitic Cloud    |       |     9 |    22 ||    31
       Conjure Flame     |       |     3 |     6 ||     9
       Flame Tongue      |       |       |    88 ||    88
       Sticky Flame      |       |       |    10 ||    10
       Blink             |       |       |     2 ||     2
 Stab: Sleeping          |       |     2 |     1 ||     3
       Distracted        |       |     1 |       ||     1
       Confused          |       |     2 |    10 ||    12
  Eat: Chunk             |     3 |    10 |    13 ||    26
Armor: Skin              |     4 |     1 |     1 ||     6
Dodge: Dodged            |    25 |    26 |    28 ||    79
